 Dungeon Crawl Stone Soup version 0.24.0-123-gd5b16e6ec5 (webtiles) character file.

Game seed: 8846926282424358037, levelgen mode: deterministic

679488 Iamsoldier the Slayer (level 27, -14/177 HPs)
             Began as a Gargoyle Fighter on Dec 18, 2019.
             Was the Champion of Okawaru.
             Demolished by an Orb Guardian (32 damage)
             ... on level 5 of the Realm of Zot.
             The game lasted 02:34:56 (56062 turns).

Iamsoldier the Slayer (Gargoyle Fighter)           Turns: 56062, Time: 02:34:56

Health: -14/177    AC: 18    Str: 22 (24) XL:     27
Magic:  30/30      EV: 33    Int: 11 (12) God:    Okawaru [******]
Gold:   5045       SH:  0    Dex: 14 (15) Spells: 26/26 levels left

rFire    + + .     SeeInvis .   (weapon currently unavailable)
rCold    + + .     Gourm    .   (shield currently unavailable)
rNeg     + + +     Faith    .   (armour currently unavailable)
rPois    ∞         Spirit   .   (helmet currently unavailable)
rElec    +         Reflect  .   (cloak currently unavailable)
rCorr    +         Harm     .   (gloves currently unavailable)
MR       ++...     Rnd*Rage +   (boots currently unavailable)
Stlth    +.........             (amulet currently unavailable)
HPRegen  0.39/turn              (ring currently unavailable)
MPRegen  0.22/turn              (ring currently unavailable)

@: wisp-form, berserk cooldown, flying, hasted and slowed, studying Crossbows,
quick
A: tiny, berserk 1, deterioration 1, frail 1, low mp 1, negative energy
resistance 1, evolution 1, petrification resistance, rot immunity, subdued magic
1, AC +20
}: 4/15 runes: serpentine, barnacled, slimy, silver
a: Heroism, Finesse, Renounce Religion


You were on level 5 of the Realm of Zot.
You worshipped Okawaru.
Okawaru was exalted by your worship.
You were not hungry.
You were an insubstantial wisp.
You visited 11 branches of the dungeon, and saw 55 of its levels.
You visited the Abyss 1 time.
You visited 2 bazaars.
You also visited: Ossuary, Gauntlet, Ice Cave and Desolation.

You collected 8333 gold pieces.
You spent 3288 gold pieces at shops.

Inventory:

Hand Weapons
 z - a +9 demon whip of electrocution (melded)
Missiles
 a - 4 throwing nets (quivered)
Armour
 b - the +4 shield of the Bells (melded) {-Cast rN+ MR+ Str+7}
   (Okawaru gifted it to you on level 6 of the Lair of Beasts)

   It affects your strength (+7).
   It protects you from negative energy.
   It affects your resistance to hostile enchantments.
   It prevents spellcasting.
 e - a +2 pair of boots of running (melded)
 g - the +3 pair of gloves "Yfiy" (melded) {Regen+ Int-4 Slay-2 Stlth+}
   (You acquired it on level 1 of the Shoals)

   It affects your intelligence (-4).
   It affects your accuracy and damage with ranged weapons and melee attacks
   (-2).
   It increases your rate of regeneration.
   It makes you more stealthy.
 i - the +0 hat "Liaf" (melded) {Str+7}
   (Okawaru gifted it to you on level 5 of the Vaults)

   It affects your strength (+7).
 x - +9 gold dragon scales (melded)
 K - a scarf of resistance (melded)
Jewellery
 h - the ring of Goptym (melded) {rF+ rCorr Stlth+}
   (You found it in the Desolation of Salt)

   [ring of resist corrosion]

   It protects you from fire.
   It provides partial protection from all sources of acid and corrosion.
   It makes you more stealthy.
 l - a +6 ring of slaying
 F - the ring "Qathre Gatomm" (melded) {rC- MR+++ AC+2 Str+5 Dex+2}
   (You found it in the Desolation of Salt)

   [ring of protection]

   It affects your AC (+2).
   It affects your strength (+5).
   It affects your dexterity (+2).
   It makes you vulnerable to cold.
   It affects your resistance to hostile enchantments.
 G - a +5 amulet of reflection (melded)
 H - an uncursed ring of see invisible
Wands
 p - a wand of disintegration (77)
 C - a wand of flame (157)
 L - a wand of polymorph (40)
 P - a wand of iceblast (45)
 Q - a wand of acid (21)
 R - a wand of digging (9)
 X - a wand of enslavement (11)
 Y - a wand of paralysis (20)
 Z - a wand of scattershot (9)
Scrolls
 j - 8 scrolls of fog
 n - 24 scrolls of remove curse
 o - 7 scrolls of blinking
 r - 6 scrolls of identify
 t - a scroll of brand weapon
 w - 7 scrolls of fear
 y - 6 scrolls of amnesia
 B - 25 scrolls of teleportation
 M - 3 scrolls of holy word
Potions
 c - 2 potions of brilliance
 f - 2 potions of agility
 k - 14 potions of lignification
 q - 7 potions of berserk rage
 s - 6 potions of resistance
 u - 13 potions of curing
 v - 5 potions of cancellation
 A - 7 potions of ambrosia
 E - 4 potions of invisibility
 T - 3 potions of might
 W - 6 potions of haste
Books
 D - a manual of Crossbows
Comestibles
 d - 98 rations
 I - 2 chunks of flesh


   Skills:
 + Level 26.8 Fighting
 - Level 12.0 Maces & Flails
 - Level 7.0 Throwing
 + Level 26.2 Armour
 + Level 16.7 Dodging
 + Level 20.6 Shields
 - Level 12.0 Invocations
 - Level 14.0 Evocations


You had 26 spell levels left.
You didn't know any spells.
Your spell library contained the following spells:

 Spells                   Type           Power        Failure   Level  Hunger
 Animate Skeleton         Necr           N/A          30%         1    ##.....
 Apportation              Tloc           #.....       30%         1    ##.....
 Beastly Appendage        Tmut           #.....       30%         1    ##.....
 Confusing Touch          Hex            #.....       30%         1    ##.....
 Corona                   Hex            #......      30%         1    ##.....
 Flame Tongue             Conj/Fire      #....        30%         1    ##.....
 Freeze                   Ice            #...         30%         1    ##.....
 Magic Dart               Conj           #...         30%         1    ##.....
 Sandblast                Erth           #.....       30%         1    ##.....
 Shock                    Conj/Air       #...         30%         1    ##.....
 Sting                    Conj/Pois      #...         30%         1    ##.....
 Summon Butterflies       Summ           #.......     30%         1    ##.....
 Summon Small Mammal      Summ           #...         30%         1    ##.....
 Blink                    Tloc           N/A          43%         2    ###....
 Call Imp                 Summ           #.......     43%         2    ###....
 Corpse Rot               Necr           N/A          43%         2    ###....
 Ensorcelled Hibernation  Hex/Ice        #.....       43%         2    ###....
 Passwall                 Tmut/Erth      #.......     43%         2    ###....
 Poisonous Vapours        Pois/Air       #.....       43%         2    ###....
 Slow                     Hex            #.......     43%         2    ###....
 Song of Slaying          Chrm           #.......     43%         2    ###....
 Sticks to Snakes         Tmut           #.......     43%         2    ###....
 Swiftness                Chrm/Air       #.......     43%         2    ###....
 Throw Flame              Conj/Fire      #.....       43%         2    ###....
 Throw Frost              Conj/Ice       #.....       43%         2    ###....
 Call Canine Familiar     Summ           #.......     67%         3    ####...
 Confuse                  Hex            #.......     67%         3    ####...
 Conjure Flame            Conj/Fire      #.......     67%         3    ####...
 Gell's Gravitas          Tloc           #.........   67%         3    ####...
 Ignite Poison            Fire/Tmut/Pois #.......     67%         3    ####...
 Inner Flame              Hex/Fire       #.......     67%         3    ####...
 Mephitic Cloud           Conj/Pois/Air  #.......     67%         3    ####...
 Ozocubu's Armour         Chrm/Ice       #.......     67%         3    ####...
 Portal Projectile        Hex/Tloc       #.....       67%         3    ####...
 Recall                   Summ/Tloc      N/A          67%         3    ####...
 Spectral Weapon          Hex/Chrm       #.......     67%         3    ####...
 Spider Form              Tmut/Pois      #.........   67%         3    ####...
 Static Discharge         Conj/Air       #.......     67%         3    ####...
 Stone Arrow              Conj/Erth      #.....       67%         3    ####...
 Summon Guardian Golem    Hex/Summ       #.......     67%         3    ####...
 Airstrike                Air            #.........   97%         4    #####..
 Cause Fear               Hex            #.........   97%         4    #####..
 Force Lance              Conj/Tloc      #.......     97%         4    #####..
 Ice Form                 Ice/Tmut       #.......     97%         4    #####..
 Leda's Liquefaction      Hex/Erth       #.........   97%         4    #####..
 Olgreb's Toxic Radiance  Pois           #.......     97%         4    #####..
 Passage of Golubria      Tloc           N/A          97%         4    #####..
 Petrify                  Tmut/Erth      #.......     97%         4    #####..
 Sticky Flame             Conj/Fire      #.......     97%         4    #####..
 Summon Ice Beast         Ice/Summ       #.......     97%         4    #####..
 Summon Lightning Spire   Summ/Air       #.......     97%         4    #####..
 Throw Icicle             Conj/Ice       #.......     97%         4    #####..
 Agony                    Necr           #.......     100%        5    ######.
 Alistair's Intoxication  Tmut/Pois      #.......     100%        5    ######.
 Aura of Abjuration       Summ           #.........   100%        5    ######.
 Blade Hands              Tmut           #.........   100%        5    ######.
 Bolt of Draining         Conj/Necr      #.........   100%        5    ######.
 Bolt of Magma            Conj/Fire/Erth #.........   100%        5    ######.
 Dispel Undead            Necr           #.......     100%        5    ######.
 Excruciating Wounds      Chrm/Necr      #.........   100%        5    ######.
 Fireball                 Conj/Fire      #.........   100%        5    ######.
 Irradiate                Conj/Tmut      #.........   100%        5    ######.
 Lee's Rapid Deconstruct  Erth           #.........   100%        5    ######.
 Lightning Bolt           Conj/Air       #.........   100%        5    ######.
 Metabolic Englaciation   Hex/Ice        #.........   100%        5    ######.
 Summon Demon             Summ           #.........   100%        5    ######.
 Summon Forest            Summ/Tloc      #.........   100%        5    ######.
 Summon Mana Viper        Hex/Summ       #.......     100%        5    ######.
 Venom Bolt               Conj/Pois      #.........   100%        5    ######.
 Yara's Violent Unravell  Hex/Tmut       #.........   100%        5    ######.
 Conjure Ball Lightning   Conj/Air       #.........   100%        6    #######
 Darkness                 Hex            #.........   100%        6    #######
 Dispersal                Tloc           #.........   100%        6    #######
 Freezing Cloud           Conj/Ice/Air   #.........   100%        6    #######
 Hydra Form               Tmut           #.........   100%        6    #######
 Invisibility             Hex            #.......     100%        6    #######
 Iron Shot                Conj/Erth      #.........   100%        6    #######
 Shadow Creatures         Summ           N/A          100%        6    #######
 Simulacrum               Ice/Necr       #.........   100%        6    #######
 Dragon Form              Tmut           #.........   100%        7    #######
 Ring of Flames           Chrm/Fire      #.........   100%        7    #######
 Spellforged Servitor     Conj/Summ      #.........   100%        7    #######
 Summon Hydra             Summ           #.........   100%        7    #######
 Controlled Blink         Tloc           N/A          100%        8    #######
 Disjunction              Tloc           #.........   100%        8    #######
 Ignition                 Fire           #.........   100%        8    #######
 Shatter                  Erth           #.........   100%        9    #######
 Sublimation of Blood     Necr           Unusable     N/A         2    N/A
 Statue Form              Tmut/Erth      Unusable     N/A         6    N/A

Dungeon Overview and Level Annotations

Branches:
Dungeon (15/15)            Temple (1/1) D:6            Lair (6/6) D:10
 Shoals (4/4) Lair:3        Snake (4/4) Lair:4        Slime (5/5) Lair:6
    Orc (2/2) D:11            Elf (3/3) Orc:2        Vaults (5/5) D:14
  Crypt (0/3) Vaults:2     Depths (5/5) D:15            Zot (5/5) Depths:5
Ossuary (visited)           IceCv (visited)         Desolation (visited)
Gauntlet (visited)

Altars:
Ashenzari
Cheibriados
Dithmenos
Elyvilon
Fedhas
Gozag
Hepliaklqana
Kikubaaqudgha
Makhleb
Nemelex Xobeh
Okawaru
Qazlal
Ru
Sif Muna
Trog
Uskayaw
Vehumet
Wu Jian
Xom
Yredelemnul
Zin
The Shining One
Jiyva

Shops:
Orc:2 *([(   Elf:2 *   Vaults:3 (   Vaults:5 ==   Depths:1 [(![

Portals:
Hell: Depths:1 Depths:2 Depths:3 Depths:4 Depths:5
Abyss: Depths:4 Depths:5
Pandemonium: Depths:3 Depths:4
Ziggurat: Depths:5

Annotations:
Shoals:1 3 runed translucent doors, Angmar's ghost, adept DrTm; Kehicw's ghost, adept HOAs; Oderohof's ghost, adept FoCK


Innate Abilities, Weirdness & Mutations

You are resistant to torment.
((Your stone body is resilient. (AC +20)))
You are immune to poison.
((Your large and strong wings let you fly indefinitely.))
You resist negative energy. (rN+)
((You are resistant to electric shocks. (rElec)))
((You can survive without breathing.))
You are immune to petrification.
You are immune to rotting.
((You have very sharp teeth.))
((You have a pair of small horns on your head.))
You tend to lose your temper in combat.
((Your flesh is cold resistant. (rC+)))
Your body sometimes deteriorates upon taking damage.
You are frail. (-10% HP)
Your magical capacity is low. (-10% MP)
You evolve.
Your spells are a little easier to cast, but a little less powerful.


Message History

The Orb Guardian hits you but does no damage.
The Orb Guardian completely misses you. x2; The Orb Guardian hits you!!
* * * LOW HITPOINT WARNING * * *
Your body deteriorates!
You feel weakened.
Your blink will be uncontrolled - continue anyway?
The Orb prevents control of your translocation!
You blink.
As you read the scroll of blinking, it crumbles to dust.
You feel better.
Okay, then.
As you read the scroll of fear, it crumbles to dust.
You assume a fearsome visage.
The Orb Guardian easily resists. x2
The red draconian annihilator looks frightened!
The Orb Guardian barely misses you. The Orb Guardian hits you.
* * * LOW HITPOINT WARNING * * *
The red draconian annihilator mumbles some strange words.
The red draconian annihilator blinks!
You feel better. The Orb Guardian barely misses you.
The Orb Guardian hits you!!
You die...

▓▓▓▓▓▓▓▓***,,,,,**
▓▓........^......▓▓
....^...^.........▓▓
^..^.....^^........▓▓
..................^.▓
....................▓
...................▓*
..................▓*
...........§...Xv▓▓
...............X..▓▓
......d............▓▓
..........^...^.....▓
.............q......▓
...................▓▓
..................▓▓
▓▓.............▓▓▓▓
▓▓▓▓▓▓▓▓▓▓▓▓▓▓▓


You could see 2 Orb Guardians and a red draconian annihilator (fleeing).

Vanquished Creatures
  the Royal Jelly (Slime:5)
  4 ancient liches
  4 orbs of fire (Zot:5)
  2 juggernauts (Depths:3)
  Sojobo (Vaults:3)
  2 Killer Klowns
  Margery (Depths:3)
  A curse toe (Zot:5)
  8 caustic shrikes
  7 golden dragons
  The ghost of Qewaz the Peltast, an adept MiBe of Trog (Depths:3)
  3 electric golems
  18 Orb Guardians (Zot:5)
  5 tentacled monstrosities
  4 liches
  22 acid blobs
  5 quicksilver dragons
  2 deep elf blademasters (Elf:3)
  3 sphinxes
  6 titans
  The ghost of vishdafish the Basher, an adept TrBe of Trog (Snake:4)
  3 death cobs
  A tentacled starspawn (Abyss:3)
  A kraken (Shoals:1)
  17 tengu reavers
  12 storm dragons
  An ancient champion (Vaults:2)
  10 shadow dragons
  11 nagarajas
  A draconian monk (Depths:4)
  12 frost giants
  14 fire giants
  2 iron dragons
  A draconian knight (Zot:5)
  13 azure jellies
  A ghost moth (Zot:5)
  Aizul (Shoals:2)
  2 draconian scorchers
  9 deep elf sorcerers
  An angel (Depths:5)
  4 deep elf elementalists
  The ghost of MackTheFife the Severer, a journeyman OgFi of Okawaru (D:12)
  An imperial myrmidon (Desolation)
  13 vault wardens
  2 juggernaut zombies (Depths:4)
  2 spriggan defenders
  4 draconian annihilators
  2 orc warlords
  2 draconian stormcallers
  3 draconian shifters
  The ghost of Nebesus the Peltast, a journeyman GrFi of the Shining One (Shoals:3)
  2 caustic shrike skeletons
  A reaper (Abyss:3)
  An entropy weaver (shapeshifter) (Depths:4)
  14 very ugly things
  7 deep elf demonologists
  15 ironheart preservers
  2 entropy weavers
  27 stone giants
  9 vampire knights
  5 green draconians
  Azrael (Snake:2)
  5 yellow draconians
  A minotaur (Gauntlet)
  A red draconian (Zot:4)
  4 white draconians
  2 black draconians
  6 purple draconians
  6 deep elf annihilators
  5 dire elephants (Lair:6)
  4 spark wasps
  4 deep elf death magi (Elf:3)
  5 crystal guardians (Desolation)
  9 merfolk impalers
  17 deep elf high priests
  12 ogre magi
  8 death oozes (Slime:5)
  20 ettins
  8 ragged hierophants (Desolation)
  10 fire dragons
  12 yaktaur captains
  5 servants of whispers (Desolation)
  9 great orbs of eyes
  34 vault guards
  10 peacekeepers
  8 rakshasas
  26 ice dragons
  9 hydras
  23 naga warriors
  3 spriggan air magi
  3 satyrs (Shoals:3)
  Erica (D:9)
  2 death knights
  2 merfolk aquamancers
  36 two-headed ogres
  6 merfolk avatars
  4 death yaks (Lair:2)
  11 anacondas
  An alligator snapping turtle (Shoals:4)
  8 centaur warriors
  4 deep troll shamans
  2 orc high priests
  12 spriggan berserkers
  12 tengu warriors
  2 vampire magi
  11 deep troll earth magi
  21 dancing weapons
  A spriggan (Depths:4)
  10 shock serpents
  Nergalle (Orc:1)
  22 deep elf knights
  A shock serpent (shapeshifter) (Depths:1)
  22 naga sharpshooters
  3 thrashing horrors (Abyss:3)
  3 wretched stars (Abyss:3)
  16 hell knights
  A storm dragon skeleton (Depths:3)
  5 skeletal warriors
  An iron troll (Depths:4)
  17 sea snakes
  34 deep trolls
  A storm dragon zombie (Depths:3)
  2 unseen horrors (D:14)
  7 flayed ghosts
  2 spark wasp zombies
  A tengu zombie (Depths:2)
  16 deep elf archers
  4 salamander mystics (Snake:4)
  An unseen horror (shapeshifter) (Depths:4)
  18 harpies
  6 glowing orange brains
  10 wizards
  11 orc knights
  3 phantasmal warriors
  12 ironbrand convokers
  A shadow dragon zombie (Depths:2)
  2 obsidian statues
  8 naga ritualists
  74 deep elf magi
  11 necromancers
  An orb spider (shapeshifter) (Depths:5)
  An orange crystal statue (Vaults:2)
  9 mana vipers
  A harpy (shapeshifter) (Vaults:1)
  A lindwurm (Lair:6)
  A wolf spider zombie (D:14)
  2 oklob plants
  2 worldbinders
  6 fauns
  12 cyclopes
  A stone giant zombie (Depths:2)
  8 orc sorcerers
  13 manticores
  7 shining eyes
  51 ugly things
  6 elephants
  6 wolf spiders
  2 manticores (shapeshifter)
  A mana viper (shapeshifter) (Vaults:5)
  A black mamba (shapeshifter) (Depths:2)
  2 moths of wrath (shapeshifter)
  2 stone giant skeletons (Depths:2)
  A tengu skeleton (Depths:2)
  16 moths of wrath
  A frost giant skeleton (Depths:2)
  11 salamanders
  2 iron dragon skeletons (Depths:3)
  An eye of devastation (Slime:5)
  3 ice statues
  An eye of devastation (shapeshifter) (Vaults:5)
  Joseph (D:8)
  21 black mambas
  16 guardian serpents
  7 merfolk sirens
  A torpor snail (shapeshifter) (Depths:4)
  2 smoke demons (Abyss:3)
  14 spiny frogs
  13 naga magi
  6 water nymphs
  2 spiny frogs (shapeshifter)
  18 vault sentinels
  2 minotaur zombies (Gauntlet)
  A storm dragon simulacrum (Vaults:2)
  7 rime drakes
  3 kobold demonologists
  30 yaktaurs
  3 komodo dragons
  6 freezing wraiths
  An efreet (Abyss:3)
  A meliai (shapeshifter) (Depths:4)
  4 trolls
  A wind drake (shapeshifter) (D:15)
  4 tengu conjurers
  36 merfolk
  A spriggan skeleton (Depths:2)
  6 hornets
  2 trolls (shapeshifter)
  2 queen bees
  2 jumping spiders (Vaults:3)
  A shadow dragon simulacrum (Depths:2)
  2 polar bears
  Prince Ribbit (D:5)
  6 wind drakes
  Grinder (D:6)
  2 raiju (shapeshifter)
  47 saltlings (Desolation)
  4 raiju (Abyss:3)
  3 large abominations
  93 slime creatures
  8 snapping turtles
  2 dream sheep (Shoals:4)
  11 blink frogs
  2 fire giant simulacra
  13 hippogriffs
  A hippogriff (shapeshifter) (D:14)
  2 meliai zombies
  A redback (Vaults:3)
  An elf skeleton (Vaults:5)
  A shadow (D:14)
  Sigmund (D:6)
  An ettin skeleton (Vaults:5)
  2 spriggans (shapeshifter) (Vaults:2)
  3 vampires
  A ynoxinul (Abyss:3)
  11 water elementals
  4 air elementals
  2 wyverns
  3 wraiths
  41 yaks
  Eustachio (D:6)
  Grum (D:9)
  8 fire elementals
  17 golden eyes
  5 basilisks
  A steam dragon (Lair:2)
  A golden eye (shapeshifter) (D:14)
  13 vampire mosquitoes
  A human simulacrum (Vaults:5)
  A hungry ghost (D:13)
  73 nagas
  6 wargs
  Edmund (D:5)
  3 acid dragons
  4 soldier ants
  Duvessa (D:5)
  17 water moccasins
  A floating eye (shapeshifter) (Depths:4)
  4 hell hounds (Snake:2)
  5 porcupines
  An ice beast (shapeshifter) (Vaults:4)
  9 starcursed masses (Abyss:3)
  37 orc warriors
  A meliai simulacrum (D:15)
  18 ice beasts
  3 sky beasts
  7 eyes of draining
  23 ogres
  16 boggarts
  A black bear (Lair:2)
  14 centaurs
  A wolf (shapeshifter) (Depths:4)
  20 wolves
  2 phantoms
  A crocodile (shapeshifter) (Depths:1)
  16 crocodiles
  3 small abominations
  4 big kobolds
  14 bullfrogs
  2 earth elementals
  A gnoll sergeant (D:10)
  Dowan (D:5)
  2 water moccasin zombies
  A scorpion (D:12)
  38 killer bees
  An elf simulacrum (Vaults:2)
  3 wights (D:8)
  4 electric eels
  A vampire bat (D:2)
  A howler monkey (D:4)
  3 crimson imps (D:9)
  A quasit (D:5)
  A bullfrog zombie (D:6)
  9 centaur zombies
  29 orc priests
  6 hounds
  4 jellies
  A gnoll shaman (D:4)
  6 centaur skeletons
  3 iguanas
  A human zombie (Ossuary)
  40 orc wizards
  13 worker ants
  2 big kobold zombies (Ossuary)
  4 hound zombies
  3 hound skeletons
  4 mummies (Ossuary)
  A howler monkey zombie (D:9)
  16 adders
  8 gnolls
  A river rat (Lair:2)
  4 shadow imps
  2 ufetubi
  An adder zombie (D:9)
  An adder skeleton (D:7)
  2 worms
  4 dart slugs
  4 leopard geckos
  100 orcs
  A bat skeleton (D:2)
  5 bat zombies (D:2)
  5 giant cockroaches
  A gnoll zombie (Ossuary)
  9 goblins
  6 hobgoblins
  14 jackals
  10 kobolds
  6 quokkas
  9 bats
  5 frilled lizards
  A hobgoblin zombie (Ossuary)
  2 jackal skeletons
  A kobold zombie (Ossuary)
  A leopard gecko zombie (D:9)
  An orc zombie (Ossuary)
  A quokka skeleton (D:5)
  6 rats
  4 crawling corpses
  A fungus (Elf:3)
  7 plants
  4 starspawn tentacles (Abyss:3)
  A tentacle (Shoals:1)
2505 creatures vanquished.

Vanquished Creatures (others)
  Vashnia (Snake:2)
  A deep elf master archer (Elf:3)
  A ghost moth (Zot:5)
  2 stone giants (Vaults:5)
  5 yaktaur captains
  An ogre mage (Vaults:4)
  A naga sharpshooter (Snake:4)
  A deep troll (Depths:5)
  2 deep elf archers
  An ironbrand convoker (Vaults:3)
  A necromancer (Depths:3)
  2 fauns
  3 cyclopes
  7 yaktaurs
  A basilisk (shapeshifter) (Depths:4)
  2 boggarts (Depths:3)
  3 centaurs
  A killer bee (Lair:2)
  An orc wizard (Orc:2)
  3 orc priests
  2 orcs (Vaults:3)
  9 demonic plants (Gauntlet)
  8 fungi
  13 plants
  3 starspawn tentacles (Abyss:3)
  4 tentacles (Shoals:1)
  4 withered plants (Shoals:1)
83 creatures vanquished.

Grand Total: 2588 creatures vanquished

Notes
Turn   | Place    | Note
-------+----------+-------------------------------------------
     0 | D:1      | Iamsoldier the Gargoyle Fighter began the quest for the
                  | Orb.
     0 | D:1      | Reached XP level 1. HP: 14/14 MP: 1/1
   143 | D:1      | Reached XP level 2. HP: 18/19 MP: 2/2
   445 | D:1      | Reached XP level 3. HP: 22/24 MP: 3/3
   995 | D:2      | Reached XP level 4. HP: 29/29 MP: 4/4
  1363 | D:2      | Found a stormy altar of Qazlal.
  1463 | D:2      | Found an ancient bone altar of Kikubaaqudgha.
  1471 | D:2      | Reached XP level 5. HP: 34/34 MP: 5/5
  1574 | D:3      | Found a radiant altar of Vehumet.
  1898 | D:3      | Found a glowing golden altar of the Shining One.
  1946 | D:3      | Reached skill level 5 in Fighting
  1946 | D:3      | Reached XP level 6. HP: 38/40 MP: 6/6
  2596 | D:4      | Found an ornate altar of the Wu Jian Council.
  2619 | D:4      | Found a white marble altar of Elyvilon.
  2642 | D:4      | Reached XP level 7. HP: 40/44 MP: 7/7
  3219 | D:4      | Reached skill level 5 in Maces & Flails
  3337 | D:5      | Entered Level 5 of the Dungeon
  3337 | D:5      | Noticed Prince Ribbit
  3338 | D:5      | Noticed Edmund
  3347 | D:5      | Killed Edmund
  3347 | D:5      | Reached skill level 5 in Shields
  3349 | D:5      | Killed Prince Ribbit
  3349 | D:5      | Reached skill level 5 in Armour
  3349 | D:5      | Reached XP level 8. HP: 52/52 MP: 8/8
  3510 | D:5      | Found a sand-covered staircase.
  3515 | Ossuary  | Entered an ossuary
  3761 | D:5      | Found a burning altar of Makhleb.
  3984 | D:5      | Noticed Duvessa
  3984 | D:5      | Noticed Dowan
  3994 | D:5      | Killed Duvessa
  3999 | D:5      | Killed Dowan
  4015 | D:5      | Found a sparkling altar of Nemelex Xobeh.
  4239 | D:6      | Noticed Sigmund
  4251 | D:6      | Killed Sigmund
  4251 | D:6      | Reached XP level 9. HP: 50/59 MP: 9/9
  4328 | D:6      | Noticed Eustachio
  4365 | D:6      | Noticed Grinder
  4369 | D:6      | Killed Eustachio
  4376 | D:6      | Killed Grinder
  4421 | D:6      | Found a staircase to the Ecumenical Temple.
  4470 | Temple   | Entered the Ecumenical Temple
  4519 | Temple   | Became a worshipper of Warmaster Okawaru
  4641 | D:6      | Identified the +0 buckler of Oqoduz {rPois rF- Int+4 Dex+6}
                  | (You found it on level 6 of the Dungeon)
  4872 | D:7      | Found a shadowy altar of Dithmenos.
  4891 | D:7      | Reached skill level 1 in Invocations
  5128 | D:7      | Reached * piety under Okawaru
  5330 | D:7      | Reached XP level 10. HP: 66/66 MP: 11/11
  5838 | D:8      | Reached ** piety under Okawaru
  5848 | D:8      | Noticed Joseph
  5872 | D:8      | Killed Joseph
  6269 | D:9      | Noticed a two-headed ogre
  6275 | D:9      | Killed a two-headed ogre
  6275 | D:9      | Reached skill level 10 in Fighting
  6324 | D:9      | Noticed Erica
  6348 | D:9      | Killed Erica
  6348 | D:9      | Reached *** piety under Okawaru
  6686 | D:9      | Reached XP level 11. HP: 73/73 MP: 14/14
  6792 | D:9      | Noticed Grum
  6824 | D:9      | Killed Grum
  6950 | D:10     | Entered Level 10 of the Dungeon
  7074 | D:10     | Noticed a two-headed ogre
  7081 | D:10     | Killed a two-headed ogre
  7081 | D:10     | Reached **** piety under Okawaru
  7111 | D:10     | Reached skill level 5 in Invocations
  7231 | D:10     | Found a staircase to the Lair.
  7655 | D:11     | Reached ***** piety under Okawaru
  7844 | D:11     | Noticed a two-headed ogre
  7855 | D:11     | Killed a two-headed ogre
  7855 | D:11     | Reached skill level 10 in Maces & Flails
  7967 | D:11     | Noticed a cyclops
  7972 | D:11     | Killed a cyclops
  8302 | D:11     | Noticed a brown ugly thing
  8309 | D:11     | Killed a brown ugly thing
  8358 | D:11     | Noticed a cyclops
  8366 | D:11     | Killed a cyclops
  8640 | D:11     | Found a staircase to the Orcish Mines.
  8700 | D:11     | Reached XP level 12. HP: 79/80 MP: 17/17
  9004 | Lair:1   | Entered Level 1 of the Lair of Beasts
  9090 | Lair:1   | Found a frozen archway.
  9196 | IceCv    | Entered an ice cave
  9257 | IceCv    | Received a gift from Okawaru
  9626 | IceCv    | Noticed an ice dragon
  9626 | IceCv    | Noticed an ice dragon
  9637 | IceCv    | Killed an ice dragon
  9643 | IceCv    | Killed an ice dragon
 10405 | Lair:1   | Reached skill level 10 in Armour
 10405 | Lair:1   | Reached skill level 10 in Shields
 10711 | Lair:2   | Noticed a death yak
 10711 | Lair:2   | Noticed a death yak
 10711 | Lair:2   | Noticed a death yak
 10711 | Lair:2   | Noticed a death yak
 10719 | Lair:2   | Killed a death yak
 10724 | Lair:2   | Killed a death yak
 10724 | Lair:2   | Received a gift from Okawaru
 10732 | Lair:2   | Killed a death yak
 10737 | Lair:2   | Killed a death yak
 10737 | Lair:2   | Reached XP level 13. HP: 72/87 MP: 19/19
 10981 | Lair:2   | Reached skill level 1 in Evocations
 11045 | Lair:2   | Reached ****** piety under Okawaru
 11867 | Lair:3   | Found a gate leading to a gauntlet.
 11872 | Lair:3   | Found a staircase to the Shoals.
 11879 | Gauntlet | Entered a Gauntlet
 11879 | Gauntlet | Found a transporter.
 11891 | Gauntlet | Found a transporter.
 11905 | Gauntlet | Found a transporter.
 11910 | Gauntlet | Found a transporter.
 11927 | Gauntlet | Found a transporter.
 11945 | Gauntlet | Found a transporter.
 11957 | Gauntlet | Found a transporter.
 11969 | Gauntlet | Found a transporter.
 11975 | Gauntlet | Found a transporter.
 11975 | Gauntlet | Found a transporter.
 11990 | Gauntlet | Found a transporter.
 11990 | Gauntlet | Noticed a blizzard demon
 12002 | Gauntlet | Found a transporter.
 12019 | Gauntlet | Found a transporter.
 12037 | Gauntlet | Found a transporter.
 12039 | Gauntlet | Found a transporter.
 12057 | Gauntlet | Identified the ring of Udetilea {rC+ Str+4 Dex+3}
 12064 | Gauntlet | Found a transporter.
 12066 | Gauntlet | Found a transporter.
 12086 | Gauntlet | Found a transporter.
 12624 | Gauntlet | Got a vibrating tin ring
 12631 | Gauntlet | Identified the ring of Zeeffocw {*Corrode +Blink rN+ MR++
                  | SInv} (You found it in a Gauntlet)
 12636 | Gauntlet | Gained mutation: Your large and strong wings let you fly
                  | indefinitely. [Gargoyle growth]
 12636 | Gauntlet | Reached XP level 14. HP: 94/94 MP: 15/20
 12659 | Gauntlet | Identified the ring of Tycor {*Tele rF++ rN+ Int-4 Dex+4}
 12689 | Gauntlet | Identified the Tome of Envenoming
 12716 | Gauntlet | Received a gift from Okawaru
 13089 | Lair:3   | You are sucked into a shaft and drop 3 floors!
 13089 | Lair:6   | Entered Level 6 of the Lair of Beasts
 13212 | Lair:6   | Found a viscous altar of Jiyva.
 13212 | Lair:6   | Found a staircase to the Slime Pits.
 13224 | Lair:6   | Received a gift from Okawaru
 14288 | Lair:4   | Found a staircase to the Snake Pit.
 14294 | Lair:4   | Reached XP level 15. HP: 100/100 MP: 21/21
 14332 | Lair:4   | You are sucked into a shaft and drop 1 floor!
 14511 | Lair:4   | Found a basalt altar of Yredelemnul.
 15291 | Lair:6   | Reached skill level 1 in Dodging
 15383 | Lair:6   | Reached skill level 5 in Evocations
 15475 | Lair:6   | Received a gift from Okawaru
 15947 | Lair:6   | Got a sparkling jade ring
 15948 | Lair:6   | Identified the ring "Ydoof" {+Fly rElec EV+4 Int-3} (You
                  | found it on level 6 of the Lair of Beasts)
 16451 | Orc:1    | Entered Level 1 of the Orcish Mines
 16694 | Orc:2    | Entered Level 2 of the Orcish Mines
 16694 | Orc:2    | Found a staircase to the Elven Halls.
 16694 | Orc:2    | Noticed an orc warlord
 16715 | Orc:2    | Killed an orc warlord
 16940 | Orc:1    | Noticed Nergalle
 16964 | Orc:1    | Killed Nergalle
 17331 | Orc:2    | Found Laqux's Armour Emporium.
 17331 | Orc:2    | Found Atsoufug's Assorted Antiques.
 17364 | Orc:2    | Found Sauz Cehec's Antique Weapon Shoppe.
 17370 | Orc:2    | Found Kipnapo Deru's Antique Weapon Emporium.
 17681 | Lair:6   | Got a transparent shield {god gift}
 17691 | Lair:6   | Identified the +4 shield of the Bells {-Cast rN+ MR+ Str+7}
                  | (Okawaru gifted it to you on level 6 of the Lair of Beasts)
 18645 | D:12     | Noticed MackTheFife's ghost (journeyman OgFi)
 18694 | D:12     | Received a gift from Okawaru
 18908 | D:12     | Gained mutation: You have a pair of small horns on your
                  | head. [potion of mutation]
 18908 | D:12     | Gained mutation: You evolve. [potion of mutation]
 19040 | D:12     | Reached XP level 16. HP: 107/107 MP: 22/22
 19133 | D:12     | Reached skill level 15 in Fighting
 19235 | D:12     | Found a transporter.
 19237 | D:12     | Found a transporter.
 19499 | D:12     | Killed MackTheFife's ghost
 19718 | D:13     | Reached skill level 5 in Dodging
 19921 | D:13     | Found a blossoming altar of Fedhas.
 20542 | D:14     | Identified 2 scrolls of acquirement
 20626 | D:14     | Found a shimmering altar of Xom.
 20947 | D:14     | Received a gift from Okawaru
 20979 | D:14     | Found a gate to the Vaults.
 21145 | D:14     | Gained mutation: Your flesh is cold resistant. (rC+)
                  | [evolution]
 21363 | D:15     | Entered Level 15 of the Dungeon
 21991 | D:15     | Found a staircase to the Depths.
 22407 | Shoals:1 | Entered Level 1 of the Shoals
 22479 | Shoals:1 | Received a gift from Okawaru
 22511 | Shoals:1 | Reached XP level 17. HP: 88/115 MP: 23/23
 22898 | Shoals:1 | Noticed a kraken
 22921 | Shoals:1 | Killed a kraken
 23214 | Shoals:1 | Found a runed translucent gate.
 23214 | Shoals:1 | Found a runed translucent gate.
 23214 | Shoals:1 | Found a runed translucent gate.
 23215 | Shoals:1 | Noticed Oderohof's ghost (adept FoCK)
 23215 | Shoals:1 | Noticed Angmar's ghost (adept DrTm)
 23216 | Shoals:1 | Noticed Kehicw's ghost (adept HOAs)
 23585 | Shoals:1 | Got a pair of ichor-stained gloves
 23595 | Shoals:1 | Identified the +3 pair of gloves "Yfiy" {Regen+ Int-4
                  | Slay-2 Stlth+} (You acquired it on level 1 of the Shoals)
 23699 | Shoals:2 | Noticed Aizul
 23713 | Shoals:2 | Killed Aizul
 24076 | Shoals:2 | Reached skill level 15 in Shields
 24120 | Shoals:2 | Reached skill level 15 in Armour
 24505 | Shoals:3 | Received a gift from Okawaru
 24773 | Shoals:3 | Noticed Nebesus's ghost (journeyman GrFi)
 25479 | Shoals:3 | Found a runed translucent gate.
 25479 | Shoals:3 | Found a runed translucent gate.
 25479 | Shoals:3 | Found a runed translucent gate.
 25480 | Shoals:3 | Identified the ring of Johu {EV+4 Dex+3}
 25527 | Shoals:3 | Identified the cursed +0 chain mail of Action {rF+ rN+
                  | Regen+ Str+2} (You found it on level 3 of the Shoals)
 25578 | Shoals:3 | Killed Nebesus's ghost
 25583 | Shoals:3 | Received a gift from Okawaru
 25584 | Shoals:3 | Found the +8 whip "Snakebite" {curare, rPois}
 25758 | Shoals:4 | Entered Level 4 of the Shoals
 25764 | Shoals:4 | Reached skill level 10 in Invocations
 25972 | Shoals:4 | Reached XP level 18. HP: 103/124 MP: 22/25
 26022 | Shoals:4 | Got a barnacled rune of Zot
 26391 | Shoals:4 | Received a gift from Okawaru
 26584 | Shoals:4 | Identified the Disquisition on Enchanting Weightlessness
 27167 | Snake:1  | Entered Level 1 of the Snake Pit
 27895 | Snake:2  | Noticed Vashnia
 27937 | Snake:2  | Killed Vashnia
 27993 | Snake:2  | Gained mutation: Your mind is acute. (Int +2) [evolution]
 28060 | Snake:2  | Noticed Azrael
 28080 | Snake:2  | Killed Azrael
 28728 | Snake:3  | Reached XP level 19. HP: 125/130 MP: 26/26
 28878 | Snake:3  | Received a gift from Okawaru
 29181 | Snake:3  | Identified the +1 ring mail of an ossuary {rPois} (Okawaru
                  | gifted it to you on level 3 of the Snake Pit)
 29185 | Snake:4  | Entered Level 4 of the Snake Pit
 29185 | Snake:4  | Identified the +3 morningstar "Iamsoldier's Peril" {elec,
                  | *Contam rPois MR+ Str+4}
 29185 | Snake:4  | Identified the +6 mace of Fuczante {crush, +Inv rF+ Stlth+}
 29188 | Snake:4  | Found a bloodstained altar of Trog.
 29192 | Snake:4  | Identified the +2 shield "Ubyph" {Dex+4} (You found it on
                  | level 4 of the Snake Pit)
 29194 | Snake:4  | Identified the cursed +0 dire flail of Profit {elec, +Blink
                  | rElec rC+}
 29195 | Snake:4  | Found a transporter.
 29197 | Snake:4  | Noticed vishdafish's ghost (adept TrBe)
 29211 | Snake:4  | Found a transporter.
 29350 | Snake:4  | Killed vishdafish's ghost
 30000 | Snake:4  | Received a gift from Okawaru
 30102 | Snake:4  | Received a gift from Okawaru
 30190 | Snake:4  | Reached XP level 20. HP: 91/139 MP: 27/27
 30228 | Snake:4  | Reached skill level 10 in Evocations
 30303 | Snake:4  | Got a serpentine rune of Zot
 30822 | Vaults:1 | Entered Level 1 of the Vaults
 30940 | Vaults:1 | Reached skill level 1 in Throwing
 31176 | Vaults:1 | Received a gift from Okawaru
 31925 | Vaults:1 | Found a gateway to a bazaar.
 31942 | Bazaar   | Entered a bazaar
 31946 | Bazaar   | Found Paufaom's Jewellery Boutique.
 31964 | Bazaar   | Found Neschiydd's Antique Armour Emporium.
 31981 | Bazaar   | Found Zucrea's Book Boutique.
 31998 | Bazaar   | Found Buvvur's Armour Shoppe.
 32035 | Bazaar   | Bought a heavily runed plate armour for 644 gold pieces
 32035 | Bazaar   | Identified the cursed +1 plate armour of the Gardener {MR-
                  | Slay+5} (You bought it in a shop in a bazaar)
 32264 | Vaults:2 | Found a staircase to the Crypt.
 32467 | Vaults:2 | Paralysed by a great orb of eyes for 5 turns
 32548 | Vaults:2 | Cast into level 3 of the Abyss (a wizard)
 32688 | Abyss:3  | Received a gift from Okawaru
 32707 | Abyss:3  | Paralysed by accursed screaming for 1 turns
 32710 | Abyss:3  | Paralysed by accursed screaming for 1 turns
 32713 | Abyss:3  | Reached skill level 5 in Throwing
 32717 | Abyss:3  | Paralysed by accursed screaming for 1 turns
 32720 | Abyss:3  | Paralysed by accursed screaming for 1 turns
 32729 | Abyss:3  | Identified the +1 plate armour of Xawuwic {Int+2} (Okawaru
                  | gifted it to you on level 3 of the Abyss)
 32978 | Vaults:2 | Escaped the Abyss
 32995 | Vaults:2 | Reached XP level 21. HP: 116/116 MP: 28/28
 34028 | Vaults:2 | Identified the +1 hat of Diahuj {Str+4 Int+7 Dex-4} (You
                  | acquired it on level 2 of the Vaults)
 34086 | Vaults:2 | Paralysed by a great orb of eyes for 2 turns
 34439 | Vaults:3 | Noticed Sojobo
 34485 | Vaults:3 | Killed Sojobo
 34748 | Vaults:3 | Received a gift from Okawaru
 35115 | Vaults:3 | Received a gift from Okawaru
 35125 | Vaults:3 | Identified the +0 scale mail of Beock {rPois rCorr}
                  | (Okawaru gifted it to you on level 3 of the Vaults)
 35212 | Vaults:3 | Found Jecrusi's Antique Weapon Boutique.
 35364 | Vaults:3 | You are sucked into a shaft and drop 1 floor!
 35473 | Vaults:4 | Paralysed by a sphinx for 4 turns
 35565 | Vaults:4 | Found a ruined gateway.
 35581 | Desolati | Entered the Desolation of Salt
 35676 | Desolati | Identified Sif Muna's Collected Works on the Spatial
                  | Arsonist
 35681 | Desolati | Identified the ring "Ellisayl" {+Fly rPois Str+4 Int+3
                  | Stlth-} (You found it in the Desolation of Salt)
 35686 | Desolati | Identified the +5 chain mail of the Fisher {rC+ MR+} (You
                  | found it in the Desolation of Salt)
 35884 | Desolati | Lost mutation: Your mind is acute. (Int +2) [evolution]
 35922 | Desolati | Reached XP level 22. HP: 116/155 MP: 29/29
 36081 | Desolati | Identified the ring "Dogeq" {Ice *Contam Str+7 Dex+3} (You
                  | found it in the Desolation of Salt)
 36216 | Desolati | Received a gift from Okawaru
 36349 | Desolati | Identified the ring of Goptym {rF+ rCorr Stlth+} (You found
                  | it in the Desolation of Salt)
 36351 | Desolati | Identified the Papyrus of Ice and Curses
 36355 | Desolati | Identified the ring "Qathre Gatomm" {rC- MR+++ AC+2 Str+5
                  | Dex+2} (You found it in the Desolation of Salt)
 36450 | Vaults:4 | Noticed a golden dragon
 36943 | Vaults:4 | Received a gift from Okawaru
 37093 | Vaults:4 | Received a gift from Okawaru
 37125 | Vaults:4 | Received a gift from Okawaru
 37625 | Vaults:5 | Entered Level 5 of the Vaults
 37880 | Vaults:5 | Received a gift from Okawaru
 37989 | Vaults:5 | Received a gift from Okawaru
 38094 | Vaults:5 | Found Jofeoh's Jewellery Shoppe.
 38095 | Vaults:5 | Identified the +1 robe "Xiffussow" {rPois Dex+6 Stlth+}
 38114 | Vaults:5 | Reached XP level 23. HP: 126/162 MP: 30/30
 38276 | Vaults:5 | Found Qunagu's Jewellery Boutique.
 38345 | Vaults:5 | Noticed a golden dragon
 38377 | Vaults:5 | Noticed a golden dragon
 38385 | Vaults:5 | Killed a golden dragon
 38393 | Vaults:5 | Identified the +6 rapier "Iddu" {drain, rElec Int-2 Dex+7}
 38463 | Vaults:5 | Reached skill level 10 in Dodging
 38472 | Vaults:5 | Killed a golden dragon
 38790 | Vaults:5 | Identified the +3 scale mail of the Other World {+Blink}
 38791 | Vaults:5 | Received a gift from Okawaru
 38798 | Vaults:5 | Identified the +8 spear "Muaciam" {pierce, rElec rPois rC+}
 38834 | Vaults:5 | Identified the +0 hat "Liaf" {Str+7} (Okawaru gifted it to
                  | you on level 5 of the Vaults)
 38930 | Vaults:5 | Noticed an ancient lich
 38943 | Vaults:5 | Killed an ancient lich
 39175 | Vaults:5 | Reached XP level 24. HP: 151/170 MP: 30/30
 39192 | Vaults:5 | Identified the Incunabulum of Dusty Black Arts
 39206 | Vaults:5 | Got a silver rune of Zot
 39525 | Vaults:5 | Gained mutation: You possess an exceptional clarity of
                  | mind. [evolution]
 40510 | Elf:1    | Entered Level 1 of the Elven Halls
 40521 | Elf:1    | Received a gift from Okawaru
 40556 | Elf:1    | Found a flickering gateway to a bazaar.
 40614 | Bazaar   | Entered a bazaar
 40649 | Bazaar   | Found Goomp's Food Shoppe.
 40657 | Bazaar   | Bought a ration for 55 gold pieces
 40657 | Bazaar   | Bought a ration for 55 gold pieces
 40657 | Bazaar   | Bought a ration for 55 gold pieces
 40657 | Bazaar   | Bought a ration for 55 gold pieces
 40657 | Bazaar   | Bought a ration for 55 gold pieces
 40657 | Bazaar   | Bought a ration for 55 gold pieces
 40677 | Bazaar   | Found Cianno's Jewellery Shop.
 40711 | Bazaar   | Found Oxzakkuda's Food Emporium.
 41078 | Elf:1    | Received a gift from Okawaru
 41568 | Elf:2    | Found Zodoniabeg's Assorted Antiques.
 41582 | Elf:2    | Bought a scroll of teleportation for 96 gold pieces
 41582 | Elf:2    | Bought a potion of might for 128 gold pieces
 41582 | Elf:2    | Bought 3 scrolls of blinking for 720 gold pieces
 41582 | Elf:2    | Bought a scroll of teleportation for 96 gold pieces
 41582 | Elf:2    | Bought a potion of curing for 96 gold pieces
 41616 | Elf:2    | Received a gift from Okawaru
 41914 | Elf:2    | Found a runed translucent gate.
 41914 | Elf:2    | Found a runed translucent gate.
 41917 | Elf:2    | Found a runed translucent gate.
 41948 | Elf:2    | Received a gift from Okawaru
 41962 | Elf:2    | Identified the -6 shield "Gyont" {Str-4 Int+4 Dex+9}
                  | (Okawaru gifted it to you on level 2 of the Elven Halls)
 42577 | Elf:3    | Entered Level 3 of the Elven Halls
 43448 | Elf:3    | Identified the +1 robe of Xilah {rElec rF+ MR- Dex+3}
 43455 | Elf:3    | Reached XP level 25. HP: 178/178 MP: 25/30
 43588 | Elf:3    | Identified the Papyrus of Lucky Creation
 43594 | Elf:3    | Identified the amulet "Ocugean" {Harm *Drain rC+} (You
                  | found it on level 3 of the Elven Halls)
 44150 | Depths:1 | Entered Level 1 of the Depths
 44273 | Depths:1 | Found Ron Ceamp's Armour Shop.
 44341 | Depths:1 | Lost mutation: You possess an exceptional clarity of mind.
                  | [evolution]
 44415 | Depths:1 | Received a gift from Okawaru
 44467 | Depths:1 | Found a bloodstained altar of Trog.
 44594 | Depths:1 | Found Kiwnacug's Armour Boutique.
 44602 | Depths:1 | Received a gift from Okawaru
 44887 | Depths:1 | Found a gateway to Hell.
 45258 | Depths:1 | Found Wealiej's Antique Weapon Boutique.
 45261 | Depths:1 | Found Mawim's Distillery.
 45274 | Depths:1 | Bought 2 potions of haste for 380 gold pieces
 45274 | Depths:1 | Bought a potion of curing for 57 gold pieces
 45274 | Depths:1 | Bought a potion of haste for 190 gold pieces
 45274 | Depths:1 | Bought a potion of haste for 190 gold pieces
 45274 | Depths:1 | Bought a potion of might for 76 gold pieces
 45274 | Depths:1 | Bought a potion of agility for 76 gold pieces
 45274 | Depths:1 | Bought a potion of curing for 57 gold pieces
 45274 | Depths:1 | Bought a potion of heal wounds for 95 gold pieces
 45274 | Depths:1 | Bought a potion of lignification for 57 gold pieces
 45524 | Depths:2 | Received a gift from Okawaru
 46586 | Depths:3 | Found a runed translucent door.
 46597 | Depths:3 | Noticed Qewaz's ghost (adept MiBe)
 46623 | Depths:3 | Killed Qewaz's ghost
 46677 | Depths:3 | Noticed Margery
 46679 | Depths:3 | Reached XP level 26. HP: 185/185 MP: 31/31
 46690 | Depths:3 | Killed Margery
 46779 | Depths:3 | Found a one-way gate leading to the halls of Pandemonium.
 46858 | Depths:3 | Noticed a juggernaut
 46858 | Depths:3 | Noticed a juggernaut
 46863 | Depths:3 | Killed a juggernaut
 47155 | Depths:3 | Killed a juggernaut
 47161 | Depths:3 | Identified the ring of Bodily Harmony {*Slow rF++ rC+
                  | Str+2}
 47196 | Depths:3 | Received a gift from Okawaru
 47276 | Depths:3 | Found the +6 arbalest "Damnation" {damnation}
 47291 | Depths:3 | Gained mutation: Your muscles are strong. (Str +2)
                  | [evolution]
 47465 | Depths:4 | Received a gift from Okawaru
 47483 | Depths:4 | Found a one-way gate to the infinite horrors of the Abyss.
 47690 | Depths:4 | Identified the +8 plate armour of Grace {Dex+3}
 47729 | Depths:4 | Identified the +0 leather armour "Sofad" {rF+ rN++ Regen+
                  | Int-3}
 48061 | Depths:4 | Identified the Incunabulum of Poison
 48439 | Depths:4 | Reached XP level 27. HP: 169/193 MP: 32/32
 48576 | Depths:4 | Received a gift from Okawaru
 49039 | Depths:5 | Entered Level 5 of the Depths
 49362 | Depths:5 | Found a gateway to a ziggurat.
 49668 | Depths:5 | Reached skill level 15 in Dodging
 49707 | Depths:5 | Received a gift from Okawaru
 49712 | Depths:5 | Found a gate to the Realm of Zot.
 49757 | Depths:5 | Identified a +1 pair of boots of running (You acquired it
                  | on level 5 of the Depths)
 49951 | Depths:5 | Received a gift from Okawaru
 49964 | Depths:5 | Identified the +9 eveningstar "Egg" {holy, rN+ MP+9 Stlth+}
                  | (Okawaru gifted it to you on level 5 of the Depths)
 50672 | Slime:1  | Entered Level 1 of the Pits of Slime
 51634 | Slime:2  | Gained mutation: Scrolls take you a little longer to read.
                  | [a shining eye]
 51684 | Slime:2  | Gained mutation: You are frail. (-10% HP) [a shining eye]
 52003 | Slime:3  | Gained mutation: You have very sharp teeth. [a shining eye]
 52014 | Slime:3  | Received a gift from Okawaru
 52158 | Slime:4  | Lost mutation: You are frail. (-10% HP) [a shining eye]
 52163 | Slime:4  | Lost mutation: Scrolls take you a little longer to read. [a
                  | shining eye]
 52296 | Slime:5  | Entered Level 5 of the Pits of Slime
 52743 | Slime:5  | Noticed the Royal Jelly
 52757 | Slime:5  | Found a viscous altar of Jiyva.
 52759 | Slime:5  | Found the +7 Kryia's mail coat {PotionHeal*2 rC+}
 52760 | Slime:5  | Found the +3 robe of Clouds {+Thunder rCloud rElec}
 52833 | Slime:5  | Killed the Royal Jelly
 52833 | Slime:5  | Received a gift from Okawaru
 53033 | Slime:5  | Identified the Guide on the Rocks and Unholy Magic
 53079 | Slime:5  | Got a slimy rune of Zot
 53095 | Slime:5  | Identified the Compendium of Transformation and the Birds
 54518 | Zot:1    | Entered Level 1 of the Realm of Zot
 55234 | Zot:5    | Entered Level 5 of the Realm of Zot
 55234 | Zot:5    | Noticed an orb of fire
 55236 | Zot:5    | Lost mutation: Your muscles are strong. (Str +2) [an orb of
                  | fire]
 55255 | Zot:5    | Gained mutation: You tend to lose your temper in combat.
                  | [an orb of fire]
 55256 | Zot:5    | Killed an orb of fire
 55501 | Zot:5    | Received a gift from Okawaru
 55547 | Zot:5    | Noticed an ancient lich
 55557 | Zot:5    | Noticed an orb of fire
 55561 | Zot:5    | Killed an ancient lich
 55569 | Zot:5    | Noticed an ancient lich
 55574 | Zot:5    | Noticed an ancient lich
 55590 | Zot:5    | Killed an orb of fire
 55601 | Zot:5    | Noticed an ancient lich
 55609 | Zot:5    | Noticed an orb of fire
 55616 | Zot:5    | Noticed an orb of fire
 55631 | Zot:5    | Killed an ancient lich
 55641 | Zot:5    | Gained mutation: You are frail. (-10% HP) [an orb of fire]
 55642 | Zot:5    | Killed an orb of fire
 55644 | Zot:5    | Gained mutation: Your spells are a little easier to cast,
                  | but a little less powerful. [an orb of fire]
 55652 | Zot:5    | Killed an ancient lich
 55652 | Zot:5    | Received a gift from Okawaru
 55653 | Zot:5    | Gained mutation: Your magical capacity is low. (-10% MP)
                  | [an orb of fire]
 55653 | Zot:5    | Gained mutation: Your body sometimes deteriorates upon
                  | taking damage. [an orb of fire]
 55666 | Zot:5    | Killed an orb of fire
 56054 | Zot:5    | HP: 7/177 [Orb Guardian (6)]
 56058 | Zot:5    | HP: 2/177 [Orb Guardian (19)]
 56062 | Zot:5    | Demolished by an Orb Guardian

Levels and vault maps discovered:
D:1:      wander_arrival_lonely_grave, layout_loops_corners
D:2:      layout_basic, kennysheep_vampire_church, marbit_many_paths
D:3:      layout_basic, nicolae_tso_carved_into_rock, vehumet_crystals,
          first_ration
D:4:      layout_gridville, old_standard_altar, elyvilon_altar_3
D:5:      layout_loops_ring, kennysheep_mini, lemuel_doored_altar,
          enter_ossuary_2, uniq_prince_ribbit1, uniq_edmund, uniq_duvessa
D:6:      layout_rooms, temple_doors_ab, uniq_eustachio, uniq_grinder,
          uniq_sigmund
D:7:      layout_basic, nicolae_dithmenos_shadow_blocks,
          minmay_misc_feat_diagonals
D:8:      layout_cave_pools, uniq_joseph
D:9:      layout_roguey, uniq_grum, uniq_erica
D:10:     layout_roguey, erik_lair_orcish_takeover
D:11:     layout_long_grid, erik_orc_2, serial_rivers,
          chequers_serial_rivers_small_b, chequers_serial_rivers_micro_c,
          chequers_serial_rivers_micro_a, chequers_serial_rivers_small_a,
          chequers_serial_rivers_micro_b
D:12:     layout_basic, gammafunk_ghost_hive, hangedman_pestilent_swarm
D:13:     layout_loops_cross, tgw_fedhas
D:14:     layout_big_octagon, david_vaults_5, lemuel_oklob_altar
D:15:     grunt_enter_depths_magical_seal, layout_basic
Temple:   cyrus_circular_temple
Lair:1:   layout_cave_pods, portal_ice_cave_entry_pillars_2, minivault_24,
          patterned_corridor, lemuel_fruit_tree
Lair:2:   regret_index_tunnel_blossom, layout_regular_city,
          serial_bayou_crossing, infiniplex_staircase_pool
Lair:3:   layout_cave_pods, shoals_dummy_entry, nicolae_volcano_entry_s_turn,
          gauntlet_entry_generic, grunt_megastairs_3
Lair:4:   layout_long_grid, guppyfry_snake_entry_island, basic_altar
Lair:5:   layout_loops_ring, infiniplex_staircase_pool_2
Lair:6:   due_jungle_book, layout_long_grid, slime_altar_1, grunt_megastairs_2,
          serial_bayou_shore_b
Shoals:1: layout_shoals, gammafunk_ghost_cemetery, st_cyclops
Shoals:2: argonaut_golden_fleece, layout_shoals, uniq_aizul
Shoals:3: layout_shoals, gammafunk_ghost_split
Shoals:4: shoals_end_hangedman, layout_shoals, kb_tengu_band
Snake:1:  layout_basic
Snake:2:  layout_gridlike, nicolae_snake_biting_tails, uniq_vashnia, uniq_azrael
Snake:3:  layout_misc_corridors
Snake:4:  johnstein_snake_rune_scales, layout_misc_corridors,
          gammafunk_ghost_wrathful_warriors
Slime:1:  layout_caves, cheibrodos_slime_lost_civilization_7
Slime:2:  layout_caves
Slime:3:  layout_caves, nicolae_slime_welcoming_committee
Slime:4:  layout_caves
Slime:5
Orc:1:    layout_diamond_mine, uniq_nergalle
Orc:2:    st_orc_mages, layout_diamond_mine
Elf:1:    eino_elf_arrival_shootout, layout_gridlike, serial_shops,
          bzr_entry_road, hangedman_elf_represent
Elf:2:    layout_rooms, serial_shops, nicolae_shop_overgrown_old_shop,
          minivault_14, minmay_checkered_concentric_circles
Elf:3:    minmay_elf_hall_not_hex, layout_geoelf_octagon, st_stairs_14
Vaults:1: vaults_mumra_chevron_long, grunt_vaults_bifocal,
          nicolae_vaults_little_ls, v_misc_27, hangedman_vaults_trim,
          nicolae_vaults_gold_heap, vaults_dpeg_doors,
          vaults_room_grunt_arrival_checkpoint, vaults_room_grid, v_misc_26,
          serial_ice_b, nicolae_vaults_theta, nicolae_vaults_alarming,
          ontoclasm_vaults_ligature, layout_vaults_omnibox, serial_shops,
          bzr_entry_water
Vaults:2: nicolae_vaults_twisting_passages, minmay_crypt_entry_simple_statues,
          nicolae_vaults_statue_guard, v_alt_pattern_2, vaults_standard_mumra_x,
          v_alt_pattern_3, ontoclasm_vaults_eye, ontoclasm_vaults_ring_small,
          v_rooms_4, v_rooms_4, vaults_room_door_ring,
          nicolae_vaults_little_squares_2, layout_vaults_maze_bifur
Vaults:3: v_misc_4, vaults_dpeg_spiral, nicolae_vaults_little_squares_1,
          ontoclasm_vaults_gateway, hangedman_vaults_pinch, v_misc_24,
          vaults_room_boxed, grunt_vaults_hallway_short,
          layout_vaults_chaotic_city, serial_shops, nicolae_shop_crystal,
          uniq_sojobo
Vaults:4: vaults_mumra_hex, ontoclasm_vaults_shuriken,
          vaults_room_stairs_pillars, dpeg_vaults_monster_box,
          vaults_mumra_bighexcomb, nicolae_vaults_specimen_jars,
          vaults_room_corners, vaults_standard_mumra_enter_the_diamond,
          ontoclasm_vaults_ring_square, nicolae_vaults_yaktaur_gun_rack,
          v_misc_12, layout_vaults_omnigrid, portal_desolation_entry_twin_temple
Vaults:5
Depths:1: kennysheep_six_static_rooms, layout_cave_shapes, minmay_door_square,
          hell_entry, serial_shops, nicolae_shop_behind_doors,
          nicolae_shop_crystal, shop, shop, evilmike_spriggan_trog_shrine
Depths:2: minmay_triangles_in_corner, layout_basic, minmay_misc_feat_rugged,
          pf_coc_iceberg, hangedman_abyss_or_decor_passed
Depths:3: minmay_expanding_circles, layout_basic, hell_entry,
          ebering_ghost_inner_flame, nicolae_wwwww, pan_entry, uniq_margery
Depths:4: hangedman_pleasuredromes, abyss_entry, serial_shops, pan_entry,
          hell_entry
Depths:5: grunt_zot_entry_bicorn, layout_twisted_cross, enter_ziggurat_f,
          marbit_kobold_abyss_entry, nicolae_benzene_ring, hell_entry,
          serial_bayou_shore_b
Zot:1:    kennysheep_oblong_rooms, layout_gridlike
Zot:2:    layout_basic
Zot:3:    gammafunk_the_bubble [the_bubble_gammafunk_split],
          layout_twisted_circle, grunt_ministairs_15
Zot:4:    layout_onion_interference
Zot:5:    layout_misc_corridors, lemuel_baited_zot_trap, st_stairs_8

Skill      XL: |  1  2  3  4  5  6  7  8  9 10 11 12 13 14 15 16 17 18 19 20 21 22 23 24 25 26 27 |
---------------+----------------------------------------------------------------------------------+-----
Fighting       | 4 5 6 7 9 10 11 12 13 14 15 17 18 19 21 22 23 24 25 26 | 26.8
Maces & Flails | 3 4 5 6 8 9 10 11 12 | 12.0
Shields        | 4 5 6 7 8 10 11 12 13 14 15 16 17 18 20 | 20.6
Armour         | 4 5 6 7 8 10 11 12 13 14 16 17 18 20 21 22 23 24 26 | 26.2
Invocations    | 2 4 7 8 10 11 12 | 12.0
Evocations     | 2 4 6 8 9 10 11 12 14 | 14.0
Dodging        | 4 6 7 9 11 12 13 14 16 | 16.7
Throwing       | 5 7 |  7.0

Action                   |  1- 3 |  4- 6 |  7- 9 | 10-12 | 13-15 | 16-18 | 19-21 | 22-24 | 25-27 || total
-------------------------+-------+-------+-------+-------+-------+-------+-------+-------+-------++-------
Melee: Flail             |    90 |    88 |       |       |       |       |       |       |       ||   178
       Morningstar       |       |    32 |   254 |   469 |       |       |       |       |       ||   755
       Demon whip        |       |       |       |   125 |  1019 |  1514 |  1450 |  1295 |  2418 ||  7821
       Headbutt          |       |       |       |       |     1 |   532 |   544 |   478 |   955 ||  2510
       Bite              |       |       |       |       |       |       |       |       |   174 ||   174
       Unarmed           |       |       |       |       |       |       |       |       |    18 ||    18
Throw: Javelin           |       |       |       |     7 |       |       |       |       |       ||     7
Invok: Heroism           |       |       |       |     5 |     8 |     7 |    10 |    10 |    25 ||    65
       Finesse           |       |       |       |       |     4 |     1 |     3 |     5 |     7 ||    20
 Abil: Fly               |       |       |       |       |     1 |       |       |       |       ||     1
Evoke: Wand              |       |       |       |     1 |       |       |     2 |     1 |     4 ||     8
  Use: Potion            |       |       |     2 |     3 |     2 |       |     6 |     6 |    23 ||    42
       Scroll            |       |       |    11 |    20 |     8 |     7 |    15 |     8 |    34 ||   103
 Stab: Invisible         |       |       |       |       |       |       |     1 |       |       ||     1
       Paralysed         |       |       |       |       |       |       |       |     1 |       ||     1
  Eat: Chunk             |       |     6 |     9 |    14 |    24 |    27 |    21 |    24 |    22 ||   147
       Ration            |       |       |       |     1 |     1 |     1 |     1 |       |     7 ||    11
Armor: Scale mail        |    71 |    87 |    94 |       |       |       |       |       |       ||   252
       Skin              |       |       |     8 |       |       |       |       |       |     4 ||    12
       Plate armour      |       |       |    39 |   226 |   283 |   399 |   307 |   231 |   388 ||  1873
       Gold dragon scale |       |       |       |       |       |       |       |       |   397 ||   397
Dodge: Dodged            |    31 |    53 |    71 |    62 |   114 |   267 |   234 |   201 |   914 ||  1947
Block: Shield            |    56 |    86 |   161 |   476 |   700 |  1337 |  1128 |   919 |  2353 ||  7216
       Reflection        |       |       |       |    14 |    16 |   158 |   121 |   129 |    80 ||   518
